Map: Torches LE

Players

ManlyManMeat - Winner!

  • Race: Zerg Zerg
  • League: Diamond
  • Spawn Location: 5:00

VOD

Have the link to the VOD?

Description

Time

  • Played on: June 22, 2025, 6:44 p.m.
  • Length: 39:46
Show
View Real Time Build Order
Export as new Build Order

ManlyManMeat Zerg - Winner!

Build Orders:  

Get SALT Encoding   

  12  0:00  Drone  
  13  0:13  Drone  
  14  0:25  Drone, Extractor  
  15  0:31  Overlord  
  15  0:58  Drone  
  16  1:07  Hatchery  
  15  1:12  Drone  
  15  1:16  Drone  
  17  1:21  Drone  
  18  1:44  Spawning Pool  
  18  1:48  Extractor  
  17  1:51  Spawning Pool  
  17  1:54  Drone  
  17  1:59  Drone  
  18  2:07  Drone  
  19  2:16  Drone  
  20  2:58  Queen x2  
  24  3:00  Zergling x4  
  24  3:05  Overlord  
  26  3:13  Drone  
  26  3:14  Drone  
  28  3:32  Drone  
  28  3:33  Drone x2  
  31  3:49  Drone x2  
  33  3:50  Drone  
  34  4:03  Hatchery  
  34  4:07  Metabolic Boost  
  33  4:10  Overlord  
  33  4:24  Drone  
  33  4:25  Drone  
  33  4:27  Overlord  
  35  4:41  Drone x3  
  35  4:42  Drone  
  35  4:46  Queen  
  35  4:48  Overlord  
  41  5:03  Roach Warren  
  41  5:07  Drone  
  41  5:08  Drone x2, Extractor  
  42  5:23  Zergling x12  
  42  5:25  Zergling x2  
  50  5:41  Zergling x6  
  50  5:48  Zergling x2  
  53  6:09  Zergling x16  
  52  6:30  Drone x2  
  54  6:53  Drone  
  54  6:54  Drone  
  54  6:57  Hatchery  
  55  7:12  Roach x2  
  59  7:25  Roach x2  
  59  7:28  Overlord x2  
  59  7:37  Evolution Chamber  
  59  7:39  Evolution Chamber  
  57  7:52  Lair  
  57  8:06  Roach x9  
  75  8:13  Zerg Missile Weapons Level 1  
  75  8:14  Zerg Ground Armor Level 1  
  74  8:34  Extractor  
  74  8:37  Extractor  
  72  8:43  Drone x3  
  72  8:44  Drone x3  
  72  8:45  Overlord  
  72  8:46  Overlord x2  
  78  9:05  Drone x2  
  78  9:06  Overlord x2  
  80  9:16  Glial Reconstitution  
  80  9:21  Baneling Nest  
  80  9:26  Drone x4  
  80  9:28  Infestation Pit  
  82  9:43  Drone x3  
  82  9:44  Drone  
  82  9:45  Drone  
  82  9:46  Drone  
  82  9:47  Drone  
  82  9:48  Drone x3  
  91  10:12  Centrifugal Hooks  
  91  10:25  Baneling  
  91  10:30  Hatchery  
  90  10:40  Queen  
  90  10:44  Overlord x2  
  92  10:59  Hive  
  92  11:01  Drone x3, Extractor x2  
  92  11:02  Drone  
  92  11:03  Drone x2  
  96  11:22  Infestor x2  
  96  11:27  Zergling x26  
  96  11:28  Zergling x8  
  96  11:29  Zergling x2  
  117  11:49  Infestor  
  119  12:01  Zerg Melee Weapons Level 1  
  119  12:03  Zerg Missile Weapons Level 2  
  119  12:19  Drone x3  
  122  12:20  Drone x4  
  126  12:33  Drone x2  
  126  12:34  Drone  
  126  12:35  Drone  
  126  12:36  Drone x3  
  133  12:47  Extractor  
  133  12:49  Drone x2, Extractor  
  133  12:50  Drone  
  133  12:51  Drone x2  
  133  12:53  Overlord x3  
  136  13:01  Overseer  
  136  13:04  Pneumatized Carapace  
  136  13:13  Drone x3  
  136  13:15  Drone  
  136  13:16  Drone x4  
  136  13:17  Overlord  
  136  13:18  Overlord x2  
  144  13:42  Infestor x2  
  144  13:47  Burrow  
  148  13:59  Overseer  
  148  14:01  Overseer  
  148  14:04  Overlord x2  
  148  14:17  Spire  
  147  14:21  Spire  
  147  14:24  Spire  
  145  15:24  Queen  
  147  15:41  Hatchery  
  147  15:43  Hatchery  
  145  15:58  Greater Spire  
  145  16:02  Zerg Flyer Weapons Level 1  
  145  16:04  Zerg Flyer Armor Level 1  
  145  16:06  Corruptor x2  
  145  16:07  Corruptor x4  
  145  16:08  Corruptor x2  
  161  16:15  Corruptor x3  
  167  16:59  Corruptor x2  
  171  17:00  Corruptor x2  
  175  17:14  Overseer  
  175  17:19  Overlord x2  
  175  17:21  Overseer x2  
  175  17:22  Overseer  
  175  17:40  Brood Lord  
  175  17:41  Brood Lord x7  
  175  17:43  Brood Lord  
  175  17:44  Brood Lord  
  175  17:46  Corruptor  
  197  18:25  Zerg Melee Weapons Level 2  
  197  18:26  Zerg Ground Armor Level 2  
  150  18:51  Zergling x6  
  150  18:52  Zergling x10  
  150  18:53  Corruptor x4  
  150  18:54  Corruptor, Infestor  
  157  19:09  Zergling x2  
  158  19:10  Zergling x4  
  158  19:11  Zergling x2  
  158  19:16  Zergling x2  
  158  19:17  Zergling x40  
  182  19:52  Extractor  
  182  19:53  Extractor  
  180  20:03  Extractor  
  180  20:04  Extractor  
  180  20:09  Corruptor x2  
  182  20:13  Brood Lord  
  182  20:16  Zergling x4  
  182  20:17  Zergling x2  
  187  20:20  Neural Parasite  
  187  21:03  Ultralisk Cavern  
  128  22:05  Corruptor x9  
  134  22:34  Zerg Melee Weapons Level 3  
  134  22:35  Zerg Ground Armor Level 3  
  134  22:38  Ultralisk x2  
  134  22:39  Ultralisk x2  
  158  22:41  Zergling x2  
  158  22:42  Zergling x18  
  158  22:43  Zergling x2  
  169  23:12  Ultralisk  
  169  23:13  Ultralisk x3  
  193  23:27  Chitinous Plating  
  193  23:55  Corruptor  
  193  23:56  Corruptor x2  
  193  23:57  Zerg Flyer Armor Level 2  
  193  23:58  Zerg Flyer Weapons Level 2  
  172  25:27  Unknown  
  172  25:29  Ultralisk x3  
  174  25:30  Ultralisk x3  
  182  26:30  Queen x4  
  182  26:46  Corruptor x2, Queen  
  182  26:47  Corruptor x4  
  194  27:41  Hatchery  
  193  28:22  Viper  
  193  28:23  Viper  
  193  28:29  Zerg Flyer Weapons Level 3  
  199  28:30  Zerg Flyer Armor Level 3  
  199  28:33  Tunneling Claws  
  180  28:55  Ultralisk x3  
  172  29:34  Zergling x32  
  172  29:35  Zergling x16  
  172  29:36  Zergling x6  
  172  29:37  Zergling x2  
  189  30:43  Ultralisk x2  
  184  31:11  Ultralisk, Corruptor  
  184  31:12  Corruptor x2  
  184  31:13  Corruptor x2  
  200  31:36  Overseer x2  
  195  33:13  Unknown  
  157  33:20  Ultralisk x2  
  157  33:21  Ultralisk x2, Corruptor x3  
  157  33:22  Corruptor x2  
  171  33:42  Infestor x4  
  171  33:44  Corruptor x2  
  168  35:01  Hatchery  
  168  35:03  Corruptor x2  
  168  35:04  Corruptor, Hatchery  
  168  35:06  Ultralisk x3  
  168  35:07  Infestor  
  168  35:08  Zergling x6, Infestor  
  168  35:09  Zergling x6  
  188  35:11  Brood Lord x4  
  188  35:12  Brood Lord  
  198  35:28  Overlord x2  
  158  36:42  Infestor x4  
  158  36:44  Ultralisk x4  
  158  36:45  Ultralisk  
  196  36:57  Ultralisk  
  196  36:58  Ultralisk x2  
  196  37:02  Infestor x2  
  190  37:45  Infestor  
  190  37:46  Infestor x2  
  190  38:52  Infestor x2  
Tags
 
League
Diamond
Matchup
Co-op
Replay Pack
Myownreplay2
Add a new tag
Caveats
  • Supply blocks, unpowered buildings, or Contaminate may cause inaccurate times.
  • Supply counts are checked every 10 seconds.